 Dungeon Crawl Stone Soup version 0.25-a0-290-g4a1327ee3a (webtiles) character file.

Game seed: 17871888577833157797, levelgen mode: classic

302 Borgoz the Cutter (level 6, -2/41 HPs)
             Began as a Kobold Gladiator on Dec 15, 2019.
             Was a Follower of Okawaru.
             Killed by divine providence
             ... invoked by an orc priest
              (16 damage)
             ... on level 4 of the Dungeon.
             The game lasted 00:05:10 (3917 turns).

Borgoz the Cutter (Kobold Gladiator)                Turns: 3917, Time: 00:05:11

Health: -2/41      AC:  9    Str: 15    XL:     6   Next: 65%
Magic:  15/15      EV: 14    Int: 10    God:    Okawaru [*.....]
Gold:   147        SH:  0    Dex: 16    Spells: 5/5 levels left

rFire    . . .     SeeInvis +   b - +2 dagger (drain)
rCold    . . .     Gourm    .   (shield restricted)
rNeg     . . .     Faith    .   w - +0 scale mail
rPois    .         Spirit   .   o - +0 helmet
rElec    .         Reflect  .   (no cloak)
rCorr    .         Harm     .   (no gloves)
MR       .....                  (no boots)
Stlth    +.........             (no amulet)
HPRegen  0.13/turn              p - ring of magical power
MPRegen  0.14/turn              v - ring of see invisible

@: lightly drained
A: small, thin metallic scales 1, carnivore, mutation resistance 1, robust 1,
strong 1
a: Heroism, Renounce Religion


You were on level 4 of the Dungeon.
You worshipped Okawaru.
Okawaru was aware of your devotion.
You were completely stuffed.

You visited 1 branch of the dungeon, and saw 4 of its levels.

You collected 147 gold pieces.

Inventory:

Hand Weapons
 a - a +0 rapier
 b - a +2 dagger of draining (weapon)
Missiles
 d - 3 throwing nets (quivered)
Armour
 o - a +0 helmet (worn)
 w - a +0 scale mail (worn)
Jewellery
 p - a ring of magical power (left hand)
 v - a ring of see invisible (right hand)
Scrolls
 g - 2 scrolls of teleportation
 i - 2 scrolls of amnesia
 s - a scroll of identify {unknown}
 t - a scroll of blinking {unknown}
 u - a scroll of random uselessness {unknown}
Potions
 j - a potion of might {unknown}
 l - a potion of lignification {unknown}
 m - a potion of agility {unknown}
 n - a potion of curing
 r - a potion of invisibility {unknown}
Comestibles
 f - 4 rations


   Skills:
 * Level 3.8(3.7) Fighting
 * Level 5.6(5.5) Short Blades
 - Level 2.1 Throwing
 * Level 2.1(2.0) Armour
 * Level 5.1(5.0) Dodging
 + Level 2.3(2.2) Stealth


You had 5 spell levels left.
You didn't know any spells.
Your spell library was empty.

Dungeon Overview and Level Annotations

Branches:
Dungeon (4/15)             Temple (0/1) D:4

Altars:
Okawaru
Wu Jian
Xom
The Shining One

Annotations:
D:2 1 runed translucent door, Crazy Yiuf


Innate Abilities, Weirdness & Mutations

You are small and have problems with some larger weapons.
You are carnivorous and can eat meat at any time.
You are partially covered in thin metallic scales. (AC +2)
You are somewhat resistant to further mutation.
You are robust. (+10% HP)
Your muscles are strong. (Str +2)


Message History

The orc is heavily wounded.
The orc hits you but does no damage.
You hit the orc. You drain the orc.
You kill the orc!
Okawaru accepts your kill.
You can now gain great but temporary skills.
The orc priest invokes the aid of Beogh against you.
Beogh smites you!
* * * LOW HITPOINT WARNING * * *
The orc priest mumbles some strange prayers to Beogh against you.
Beogh smites you!
* * * LOW HITPOINT WARNING * * *
Things that are here:
a +0 morningstar; an orc corpse You feel better.
The orc priest hits you but does no damage.
You closely miss the orc priest.
The orc priest calls down the wrath of Beogh upon you.
Beogh smites you!
You die...

.***..* #.# #....#
.*,*.*# #.# #..###
.+##..##########.###..#
#...#.<...............#
#....,##########.####.#
'§..############.# #.#
#...÷............# #.#
#..)#..........######.#
.'##..########.o@W..<.#
.#,#.## ##########
.**#..* *,,.#.# ,,..,.#
*#..,.# ,..#*## ****


You could see a phantom and an orc priest.

Vanquished Creatures
  An orc priest (D:3)
  2 orc wizards
  A worker ant (D:3)
  Robin (D:2)
  5 adders
  An ooze (D:3)
  2 adder skeletons (D:4)
  A worm (D:4)
  A dart slug (D:2)
  3 leopard geckos
  16 orcs
  13 bats
  4 giant cockroaches
  16 goblins
  14 hobgoblins
  4 jackals (D:3)
  A quokka (D:2)
  5 frilled lizards
  9 kobolds
  A quokka skeleton (D:4)
  6 rats
107 creatures vanquished.

Notes
Turn   | Place    | Note
-------+----------+-------------------------------------------
     0 | D:1      | Borgoz the Kobold Gladiator began the quest for the Orb.
     0 | D:1      | Reached XP level 1. HP: 12/12 MP: 1/1
    93 | D:1      | Reached XP level 2. HP: 18/18 MP: 2/2
   252 | D:1      | Reached skill level 1 in Stealth
   631 | D:2      | Reached XP level 3. HP: 17/22 MP: 3/3
   698 | D:2      | Found an iron altar of Okawaru.
   758 | D:2      | Became a worshipper of Warmaster Okawaru
   991 | D:2      | Reached skill level 1 in Armour
  1042 | D:2      | Found an ornate altar of the Wu Jian Council.
  1212 | D:2      | Noticed Robin
  1214 | D:2      | Gained mutation: You are somewhat resistant to further
                  | mutation. [potion of mutation]
  1214 | D:2      | Gained mutation: Your muscles are strong. (Str +2) [potion
                  | of mutation]
  1214 | D:2      | Gained mutation: You are partially covered in thin metallic
                  | scales. (AC +2) [potion of mutation]
  1214 | D:2      | Gained mutation: You are robust. (+10% HP) [potion of
                  | mutation]
  1224 | D:2      | Reached XP level 4. HP: 19/29 MP: 4/4
  1258 | D:2      | Killed Robin
  1604 | D:2      | Found a runed translucent door.
  1605 | D:2      | Noticed Crazy Yiuf
  2455 | D:3      | Reached XP level 5. HP: 35/35 MP: 5/5
  2598 | D:3      | Reached skill level 5 in Short Blades
  3030 | D:3      | Found a shimmering altar of Xom.
  3128 | D:3      | Reached XP level 6. HP: 36/40 MP: 6/6
  3292 | D:3      | Reached skill level 5 in Dodging
  3523 | D:4      | Found a glowing golden altar of the Shining One.
  3623 | D:4      | Noticed a phantom
  3914 | D:4      | Reached * piety under Okawaru
  3917 | D:4      | Killed from afar by an orc priest

Levels and vault maps discovered:
D:1:      minmay_arrival_checkered_box, layout_basic
D:2:      layout_loops_ring, nicolae_overflow_crystal_walls,
          overflow_temple_1_default, uniq_crazy_yiuf_cottage, uniq_robin
D:3:      layout_loops_ring, nicolae_overflow_hidden_temple, first_ration
D:4:      layout_loops_ring, grunt_temple_overflow_gold_and_silver,
          kennysheep_mini, bloody_makhleb, minmay_temple_entry_junction,
          minmay_fractal_squares_diagonal_5

Skill      XL: |  1  2  3  4  5  6 |
---------------+-------------------+-----
Stealth        | 1 2 |  2.3
Dodging        | 4 5 |  5.1
Armour         | 1 2 |  2.1
Fighting       | 3 |  3.8
Short Blades   | 5 |  5.6
Throwing       | |  2.1

Action                   |  1- 3 |  4- 6 || total
-------------------------+-------+-------++-------
Melee: Rapier            |   115 |   184 ||   299
       Dagger            |       |   119 ||   119
Evoke: Wand              |       |     4 ||     4
  Use: Potion            |     1 |     3 ||     4
       Scroll            |       |     4 ||     4
 Stab: Sleeping          |     1 |       ||     1
  Eat: Chunk             |     9 |     9 ||    18
Armor: Leather armour    |    40 |    41 ||    81
       Scale mail        |       |    32 ||    32
Dodge: Dodged            |   129 |   262 ||   391

Table legend:
 A = Non-vault XP
 B = Vault XP
 C = Vault XP percentage of total XP
 D = Non-vault monster count
 E = Vault monster count
 F = Vault count percentage of total count
                 A         B        C        D         E       F
            +---------+---------+-------+---------+---------+-------
      Total |     374 |      58 |  13.4 |      92 |      15 |  14.0
            +---------+---------+-------+---------+---------+-------
        D:1 |      28 |       0 |   0.0 |      18 |       0 |   0.0
        D:2 |      70 |      35 |  33.3 |      26 |      12 |  31.6
        D:3 |     215 |       0 |   0.0 |      38 |       0 |   0.0
        D:4 |      61 |      23 |  27.4 |      10 |       3 |  23.1
            +---------+---------+-------+---------+---------+-------
